 Dungeon Crawl Stone Soup version 0.31-a0-233-g139696dc86 (webtiles) character file.

Game seed: 4792075587979657439

64 qw the Shooter (level 4, -5/26 HPs)
             Began as a Gargoyle Hexslinger on July 9, 2023.
             Slain by Natasha (7 damage)
             ... on level 3 of the Dungeon.
             The game lasted 00:00:41 (1511 turns).

qw the Shooter (Gargoyle Hexslinger)                Turns: 1511, Time: 00:00:41

Health: -5/26      AC:  8    Str: 11 (12) XL:     4   Next: 12%
Magic:  5/5        EV: 11    Int: 10 (13) God:
Gold:   150        SH:  0    Dex: 11 (14) Spells: 4/5 levels left

rFire   + . .        Y - +1 sling
rCold   . . .        (no shield)
rNeg    + . .        g - +0 leather armour
rPois   inf          b - +0 helmet
rElec   +            (no cloak)
rCorr   .            (no gloves)
SInv    .            f - +0 pair of boots
Will    .....        (no amulet)
Stlth   +            c - ring of protection from fire
HPRegen 0.24/turn    (no ring)
MPRegen 0.09/turn

%: no passive effects
@: slowed, very slow
A: sickness immunity, AC +3, negative energy resistance 1, electricity
resistance, torment resistance 1, petrification resistance
a: no special abilities


You were on level 3 of the Dungeon.
You visited 1 branch of the dungeon, and saw 3 of its levels.

You collected 150 gold pieces.


Innate Abilities, Weirdness & Mutations

You are immune to sickness and miasma.
Your stone body is resilient. (AC +3)
You are immune to poison.
You resist negative energy. (rN+)
You are resistant to electric shocks. (rElec)
You are resistant to unholy torment.
You are immune to petrification.


   Skills:
 - Level 2.0 Fighting
 + Level 3.9 Ranged Weapons
 - Level 1.5 Dodging
 - Level 1.0 Spellcasting
 - Level 2.6 Hexes


You had 4 spell levels left.
You knew the following spells:

 Your Spells              Type           Power      Damage    Failure   Level
a - Slow                  Hex            20%        N/A       16%         1

Your spell library contained the following spells:

 Spells                   Type           Power      Damage    Failure   Level
 Inner Flame              Hex/Fire       3%         N/A       61%         3
 Portal Projectile        Hex/Tloc       6%         N/A       61%         3
 Cause Fear               Hex            2%         N/A       83%         4

Inventory:

Hand Weapons
 Y - a +1 sling (weapon)
Armour
 b - a +0 helmet (worn)
 f - a +0 pair of boots (worn)
 g - a +0 leather armour (worn)
Jewellery
 c - a ring of protection from fire (left hand)
 d - a ring of resist corrosion
Scrolls
 a - 3 scrolls of identify
Potions
 e - a potion of curing
 i - a potion of haste

Dungeon Overview and Level Annotations

Branches:
Dungeon (3/15)

Altars:

Annotations:
D:3 Natasha


Message History

You shoot a sling bullet.
The sling bullet hits Natasha but does no damage.
Natasha is moderately wounded.
The bat hits you but does no damage. The cerulean imp closely misses you.
Natasha claws you but does no damage. The cerulean imp barely misses you.
You shoot a sling bullet. The sling bullet barely misses Natasha.
The sling bullet hits the cerulean imp.
The cerulean imp is severely wounded.
The bat barely misses you. Natasha barely misses you.
The cerulean imp barely misses you.
You shoot a sling bullet. The sling bullet barely misses Natasha.
The sling bullet closely misses the cerulean imp.
The bat hits you but does no damage.
Natasha hisses.
Natasha barely misses you.
The cerulean imp hits you from afar with a +1 spear.
Natasha claws you but does no damage.
You shoot a sling bullet. The sling bullet misses Natasha.
The sling bullet barely misses the cerulean imp.
The bat hits you but does no damage. The cerulean imp barely misses you.
Natasha stares at you and mumbles some strange words.
You feel yourself slow down. The cerulean imp barely misses you.
You shoot a sling bullet. The sling bullet hits Natasha.
Natasha is moderately wounded.
The bat hits you but does no damage. Natasha claws you.
The cerulean imp completely misses you. Natasha closely misses you.
The cerulean imp hits you from afar with a +1 spear.
You shoot a sling bullet.
The sling bullet hits Natasha but does no damage.
Natasha is moderately wounded.
The cerulean imp disappears in a puff of smoke!
The bat closely misses you. The bat barely misses you.
Natasha closely misses you.
Natasha stares at you and mumbles some strange words.
The magic dart hits you.
You shoot a sling bullet. The sling bullet hits Natasha.
Natasha is heavily wounded.
The bat hits you but does no damage. The bat closely misses you.
Natasha closely misses you. Natasha claws you!
You die...

...... #....
####.....
####........
#.........#
#......ยค..#
#.......hb#
#........@#
#.........#
#.........#
#........)#
#......<..#
#.........#
#.........#
###'#'#####
#.#.#


You could see Natasha and a bat.

Vanquished Creatures
  3 adders (D:2)
  2 dart slugs (D:1)
  3 bats
  An endoplasm (D:1)
  4 giant cockroaches
  2 goblins (D:2)
  2 hobgoblins
  4 kobolds
  A quokka (D:1)
  6 ball pythons
  4 frilled lizards
  2 rats (D:1)
34 creatures vanquished.

Notes
Turn   | Place    | Note
-------+----------+-------------------------------------------
     0 | D:1      | qw the Gargoyle Hexslinger began the quest for the Orb.
     0 | D:1      | Reached XP level 1. HP: 12/12 MP: 2/2
     0 | D:1      | 0 ||| qw: Version: 0.3-a-51-g015441d
     0 | D:1      | 0 ||| qw: Game counter: 3816
     0 | D:1      | 0 ||| qw: Melee chars always use a shield: true
     0 | D:1      | 0 ||| qw: God list: Okawaru
     0 | D:1      | 0 ||| qw: Allow faded altars: false
     0 | D:1      | 0 ||| qw: Do Orc after clearing Dungeon:15 true
     0 | D:1      | 0 ||| qw: Do second Lair branch before Depths: true
     0 | D:1      | 0 ||| qw: Lair rune preference: random
     0 | D:1      | 0 ||| qw: Goals: Normal
     0 | D:1      | 0 ||| PLANNING D:1-11
   175 | D:1      | Reached XP level 2. HP: 16/16 MP: 3/3
   291 | D:1      | Reached skill level 3 in Ranged Weapons
   728 | D:1      | 728 ||| UPGRADING to +0 pair of boots.
   733 | D:1      | 733 ||| UPGRADING to +0 leather armour.
   743 | D:1      | 743 ||| DROPPING +0 robe.
   744 | D:1      | 744 ||| DROPPING ring of flight.
   745 | D:1      | 745 ||| READING 3 scrolls labelled LAIHEFALLACHY.
   746 | D:1      | 746 ||| READING scroll labelled RENGAU NOCECUPS.
   746 | D:1      | Identified a scroll of acquirement
   746 | D:1      | 746 ||| ACQUIRING ring of protection from fire
   746 | D:1      | Acquired a ring of protection from fire
   748 | D:1      | 748 ||| UPGRADING to ring of protection from fire.
   749 | D:1      | 749 ||| READING scroll labelled FUASOWN TEATREWN.
   750 | D:1      | 750 ||| DRINKING 2 emerald potions.
   751 | D:1      | 751 ||| READING 2 scrolls of identify.
   751 | D:1      | 751 ||| IDENTIFYING blue potion
   752 | D:1      | 752 ||| DROPPING scroll of poison.
   774 | D:2      | Reached XP level 3. HP: 21/21 MP: 4/4
   891 | D:2      | Found a faded altar of an unknown god.
  1059 | D:2      | Reached XP level 4. HP: 22/26 MP: 5/5
  1245 | D:2      | Identified the +4 mace "Bung" {chaos, *Noise Drain rElec
                  | Str+7}
  1399 | D:2      | 1399 ||| UPGRADING to +0 helmet.
  1404 | D:2      | 1404 ||| READING 3 scrolls labelled APYKURH SERE.
  1405 | D:2      | 1405 ||| DRINKING 2 white potions.
  1406 | D:2      | 1406 ||| DRINKING 3 dark potions.
  1407 | D:2      | 1407 ||| READING 4 scrolls of identify.
  1407 | D:2      | 1407 ||| IDENTIFYING sedimented puce potion
  1408 | D:2      | 1408 ||| DROPPING 2 scrolls of vulnerability.
  1409 | D:2      | 1409 ||| DROPPING potion of degeneration.
  1410 | D:2      | 1410 ||| DROPPING potion of invisibility.
  1411 | D:2      | 1411 ||| DROPPING 2 potions of magic.
  1491 | D:3      | Noticed Natasha
  1509 | D:3      | HP: 3/26 [cerulean imp/+1 spear[Natasha] (5)]
  1511 | D:3      | Slain by Natasha

Levels and vault maps discovered:
D:1:      dpeg_arrival_stonehenge_8_columns, layout_loops_ring,
          corexii_hall_statues_l
D:2:      minmay_angry_zag, layout_basic, hellmonk_ecumenical_altar_arch_garden,
          serial_bayou_pond_a
D:3:      layout_basic, kennysheep_nub, cheibrodos_gnoll_hut, uniq_natasha

Skill      XL: |  1  2  3 |
---------------+----------+-----
Ranged Weapons | 3 |  3.9
Fighting       | 2 |  2.0
Dodging        | |  1.5
Spellcasting   | |  1.0
Hexes          | |  2.6

Action                     |  1- 3 |  4- 6 || total
---------------------------+-------+-------++-------
   Fire: Sling             |   135 |    27 ||   162
    Use: Scroll            |     4 |     2 ||     6
         Potion            |     1 |     2 ||     3
 Armour: Robe              |    16 |       ||    16
         Leather armour    |    25 |    16 ||    41
  Dodge: Dodged            |    43 |    35 ||    78

Table legend:
 A = Non-vault XP
 B = Vault XP
 C = Vault XP percentage of total XP
 D = Non-vault monster count
 E = Vault monster count
 F = Vault count percentage of total count
                 A         B        C        D         E       F
            +---------+---------+-------+---------+---------+-------
      Total |      75 |      17 |  18.5 |      31 |       3 |   8.8
            +---------+---------+-------+---------+---------+-------
        D:1 |      32 |       0 |   0.0 |      17 |       0 |   0.0
        D:2 |      40 |      17 |  29.8 |      12 |       3 |  20.0
        D:3 |       3 |       0 |   0.0 |       2 |       0 |   0.0
            +---------+---------+-------+---------+---------+-------
